 Dungeon Crawl Stone Soup version 0.27.1-34-g3ba077fa99 (webtiles) character file.

Game seed: 11189959683870899767

5 DemonSlayer the Conjurer (level 1, 0/10 HPs)
             Began as a Deep Elf Conjurer on Jan 27, 2022.
             Slain by a jackal (1 damage)
             ... on level 1 of the Dungeon.
             The game lasted 00:00:46 (197 turns).

DemonSlayer the Conjurer (Deep Elf Conjurer)         Turns: 197, Time: 00:00:46

Health: 0/10       AC:  2    Str:  4    XL:     1   Next: 66%
Magic:  4/6        EV: 12    Int: 22    God:
Gold:   0          SH:  0    Dex: 13    Spells: 5/6 levels left

rFire    . . .     SeeInvis .   (no weapon)
rCold    . . .     Faith    .   (no shield)
rNeg     . . .     Spirit   .   a - +0 robe
rPois    .         Reflect  .   (no helmet)
rElec    .         Harm     .   (no cloak)
rCorr    .         Rampage  .   (no gloves)
Will     .....                  (no boots)
Stlth    ++........             (no amulet)
HPRegen  0.03/turn              (no ring)
MPRegen  0.10/turn              (no ring)

@: no status effects
A: no striking features
a: no special abilities


You were on level 1 of the Dungeon.
You visited 1 branch of the dungeon, and saw 1 of its levels.

Inventory:

Armour
 a - a +0 robe (worn)
Scrolls
 b - a scroll of amnesia {unknown}


   Skills:
 + Level 2.4 Dodging
 + Level 2.4 Stealth
 + Level 3.0 Spellcasting
 + Level 4.7 Conjurations


You had 5 spell levels left.
You knew the following spells:

 Your Spells              Type           Power      Damage    Failure   Level
a - Magic Dart            Conj           96%        1d7       1%          1

Your spell library contained the following spells:

 Spells                   Type           Power      Damage    Failure   Level
 Searing Ray              Conj           48%        3d5       2%          2
 Dazzling Flash           Conj/Hex       26%        N/A       14%         3
 Fulminant Prism          Conj/Hex       6%         3d7       43%         4
 Iskenderun's Mystic Bla  Conj/Tloc      13%        2d5       43%         4


Dungeon Overview and Level Annotations

Branches:
Dungeon (1/15)

Altars:


Message History

The magic dart hits the jackal.
You kill the jackal!
The jackal misses you. x2; The jackal bites the plant.
The plant begins to die.
There is a fountain of clear blue water here.
The jackal bites you but does no damage.
The jackal barely misses you.
A nearby plant withers and dies.
The jackal barely misses you.
The jackal bites the plant.
The plant begins to die.
The jackal bites you. The jackal barely misses you.
A kobold comes into view. It is wielding a +0 short sword.
The magic dart hits the jackal.
The jackal is moderately wounded.
The magic dart hits the jackal but does no damage.
A nearby plant withers and dies.
The jackal bites you. The jackal misses you. The jackal bites you.
The jackal misses you.
The jackal bites you but does no damage.
The jackal completely misses you. The jackal closely misses you.
The jackal barely misses you. The jackal closely misses you.
The jackal barely misses you.
The jackal bites you but does no damage.
The jackal bites you.
You are too injured to fight recklessly!
The jackal misses you. The jackal bites you. x2
* * * LOW HITPOINT WARNING * * *
You hit the jackal but do no damage. You closely miss the jackal.
The jackal misses you. x2
You closely miss the jackal. The jackal closely misses you.
The jackal barely misses you. The jackal bites you.
* * * LOW HITPOINT WARNING * * *
The jackal bites you but does no damage.
You barely miss the jackal.
The jackal bites you but does no damage.
The jackal misses you.
You closely miss the jackal. The jackal barely misses you. x2
The jackal bites you.
You die...

+ .. ... .... ....
.... .... # ...
##.##.#### ...
#......h@# ..
#.###.##h# +#
#.### #h# .##
#.#.. #K# ..#
#.#.# #.# ..#
#.#.# #.# ..##
#.#.####.#
...######...Kh...#
............######


You could see 3 jackals and a kobold.

Vanquished Creatures
  A ball python (D:1)
  A goblin (D:1)
  A jackal (D:1)
  A kobold (D:1)
4 creatures vanquished.

Vanquished Creatures (others)
  2 plants (D:1)
2 creatures vanquished.

Grand Total: 6 creatures vanquished

Notes
Turn   | Place    | Note
-------+----------+-------------------------------------------
     0 | D:1      | DemonSlayer the Deep Elf Conjurer began the quest for the
                  | Orb.
     0 | D:1      | Reached XP level 1. HP: 10/10 MP: 6/6
   128 | D:1      | Found a faded altar of an unknown god.
   197 | D:1      | Slain by a jackal

Illustrated notes

Levels and vault maps discovered:
D:1:      minmay_arrival_plants_in_alcoves, layout_loops_corners,
          shapermc_ecumenical_altar_mp_ritualfount

Action                   || total
-------------------------++-------
Melee: Unarmed           ||     6
 Cast: Magic Dart        ||    11
Armor: Robe              ||     5
Dodge: Dodged            ||    23
